Workbook

Sheet Resumo
A1: Resumo das despesas de eventos
A4: Indicador | B4: Valor
A5: Itens registrados | B5: =IF(COUNTA(Despesas!$D$5:$D$104)=0,"",COUNTA(Despesas!$D$5:$D$104))
A6: Itens com valor realizado | B6: =IF(COUNT(Despesas!$J$5:$J$104)=0,"",COUNT(Despesas!$J$5:$J$104))
A7: Total previsto | B7: =IF(COUNT(Despesas!$H$5:$H$104)=0,"",SUM(Despesas!$H$5:$H$104))
A8: Total realizado | B8: =IF(COUNT(Despesas!$J$5:$J$104)=0,"",SUM(Despesas!$J$5:$J$104))
A9: Saldo entre previsto e realizado | B9: =IF(OR($B$7="",$B$8=""),"",$B$7-$B$8)
A10: Variação geral | B10: =IFERROR(IF(OR($B$7="",$B$8=""),"",($B$8-$B$7)/$B$7),"")
A11: Itens para conferência | B11: =IF(COUNTA(Despesas!$D$5:$D$104)=0,"",COUNTIF(Despesas!$Q$5:$Q$104,"Conferir*"))
A13: Totais por etapa
A14: Etapa | B14: Previsto | C14: Realizado | D14: Diferença
A15: =Premissas!$E$4 | B15: =IF(COUNTIFS(Despesas!$C$5:$C$104,$A15,Despesas!$H$5:$H$104,">0")=0,"",SUMIF(Despesas!$C$5:$C$104,$A15,Despesas!$H$5:$H$104)) | C15: =IF(COUNTIFS(Despesas!$C$5:$C$104,$A15,Despesas!$J$5:$J$104,">0")=0,"",SUMIF(Despesas!$C$5:$C$104,$A15,Despesas!$J$5:$J$104)) | D15: =IF(OR($B15="",$C15=""),"",$B15-$C15)
A16: =Premissas!$E$5 | B16: =IF(COUNTIFS(Despesas!$C$5:$C$104,$A16,Despesas!$H$5:$H$104,">0")=0,"",SUMIF(Despesas!$C$5:$C$104,$A16,Despesas!$H$5:$H$104)) | C16: =IF(COUNTIFS(Despesas!$C$5:$C$104,$A16,Despesas!$J$5:$J$104,">0")=0,"",SUMIF(Despesas!$C$5:$C$104,$A16,Despesas!$J$5:$J$104)) | D16: =IF(OR($B16="",$C16=""),"",$B16-$C16)
A17: =Premissas!$E$6 | B17: =IF(COUNTIFS(Despesas!$C$5:$C$104,$A17,Despesas!$H$5:$H$104,">0")=0,"",SUMIF(Despesas!$C$5:$C$104,$A17,Despesas!$H$5:$H$104)) | C17: =IF(COUNTIFS(Despesas!$C$5:$C$104,$A17,Despesas!$J$5:$J$104,">0")=0,"",SUMIF(Despesas!$C$5:$C$104,$A17,Despesas!$J$5:$J$104)) | D17: =IF(OR($B17="",$C17=""),"",$B17-$C17)
A18: =Premissas!$E$7 | B18: =IF(COUNTIFS(Despesas!$C$5:$C$104,$A18,Despesas!$H$5:$H$104,">0")=0,"",SUMIF(Despesas!$C$5:$C$104,$A18,Despesas!$H$5:$H$104)) | C18: =IF(COUNTIFS(Despesas!$C$5:$C$104,$A18,Despesas!$J$5:$J$104,">0")=0,"",SUMIF(Despesas!$C$5:$C$104,$A18,Despesas!$J$5:$J$104)) | D18: =IF(OR($B18="",$C18=""),"",$B18-$C18)
A19: =Premissas!$E$8 | B19: =IF(COUNTIFS(Despesas!$C$5:$C$104,$A19,Despesas!$H$5:$H$104,">0")=0,"",SUMIF(Despesas!$C$5:$C$104,$A19,Despesas!$H$5:$H$104)) | C19: =IF(COUNTIFS(Despesas!$C$5:$C$104,$A19,Despesas!$J$5:$J$104,">0")=0,"",SUMIF(Despesas!$C$5:$C$104,$A19,Despesas!$J$5:$J$104)) | D19: =IF(OR($B19="",$C19=""),"",$B19-$C19)
A20: =Premissas!$E$9 | B20: =IF(COUNTIFS(Despesas!$C$5:$C$104,$A20,Despesas!$H$5:$H$104,">0")=0,"",SUMIF(Despesas!$C$5:$C$104,$A20,Despesas!$H$5:$H$104)) | C20: =IF(COUNTIFS(Despesas!$C$5:$C$104,$A20,Despesas!$J$5:$J$104,">0")=0,"",SUMIF(Despesas!$C$5:$C$104,$A20,Despesas!$J$5:$J$104)) | D20: =IF(OR($B20="",$C20=""),"",$B20-$C20)
A21: =Premissas!$E$10 | B21: =IF(COUNTIFS(Despesas!$C$5:$C$104,$A21,Despesas!$H$5:$H$104,">0")=0,"",SUMIF(Despesas!$C$5:$C$104,$A21,Despesas!$H$5:$H$104)) | C21: =IF(COUNTIFS(Despesas!$C$5:$C$104,$A21,Despesas!$J$5:$J$104,">0")=0,"",SUMIF(Despesas!$C$5:$C$104,$A21,Despesas!$J$5:$J$104)) | D21: =IF(OR($B21="",$C21=""),"",$B21-$C21)
A22: =Premissas!$E$11 | B22: =IF(COUNTIFS(Despesas!$C$5:$C$104,$A22,Despesas!$H$5:$H$104,">0")=0,"",SUMIF(Despesas!$C$5:$C$104,$A22,Despesas!$H$5:$H$104)) | C22: =IF(COUNTIFS(Despesas!$C$5:$C$104,$A22,Despesas!$J$5:$J$104,">0")=0,"",SUMIF(Despesas!$C$5:$C$104,$A22,Despesas!$J$5:$J$104)) | D22: =IF(OR($B22="",$C22=""),"",$B22-$C22)

Sheet Despesas
A1: Despesas de eventos da igreja — registros fictícios
A2: Registre valores previstos e reais. Os avisos indicam somente a necessidade de conferência humana.
A4: Data | B4: Evento | C4: Etapa | D4: Descrição | E4: Fornecedor | F4: Quantidade | G4: Valor unit. previsto | H4: Total previsto | I4: Valor unit. real | J4: Total real | K4: Variação (R$) | L4: Variação (%) | M4: Responsável | N4: Ministério | O4: Patrimônio vinculado | P4: Status | Q4: Conferência
A5: 46251 | B5: Encontro Fictício Horizonte | C5: Planejamento | D5: Reserva fictícia de espaço | E5: Fornecedor Fictício Álamo | F5: 1 | G5: 1400 | H5: =IF(OR($D5="",$P5="Cancelado",$F5="",$G5=""),"",$F5*$G5) | I5: 1450 | J5: =IF(OR($D5="",$P5="Cancelado",$F5="",$I5=""),"",$F5*$I5) | K5: =IF(OR($H5="",$J5=""),"",$J5-$H5) | L5: =IFERROR(IF(OR($H5="",$J5=""),"",$K5/$H5),"") | M5: Pessoa Fictícia 01 | N5: Ministério Fictício de Administração | O5: Não se aplica | P5: Pago | Q5: =IF($D5="","",IFERROR(IF(AND($P5="Pago",$J5=""),"Conferir valor real",IF(AND($J5<>"",$J5>Premissas!$B$4),"Conferir valor alto",IF(AND($L5<>"",ABS($L5)>Premissas!$B$5),"Conferir variação","Sem alerta"))),"Conferir dados"))
A6: 46254 | B6: Encontro Fictício Horizonte | C6: Comunicação | D6: Impressão de cartazes fictícios | E6: Fornecedor Fictício Ipê | F6: 100 | G6: 2.2 | H6: =IF(OR($D6="",$P6="Cancelado",$F6="",$G6=""),"",$F6*$G6) | I6: 2.1 | J6: =IF(OR($D6="",$P6="Cancelado",$F6="",$I6=""),"",$F6*$I6) | K6: =IF(OR($H6="",$J6=""),"",$J6-$H6) | L6: =IFERROR(IF(OR($H6="",$J6=""),"",$K6/$H6),"") | M6: Pessoa Fictícia 02 | N6: Ministério Fictício de Comunicação | O6: Não se aplica | P6: Pago | Q6: =IF($D6="","",IFERROR(IF(AND($P6="Pago",$J6=""),"Conferir valor real",IF(AND($J6<>"",$J6>Premissas!$B$4),"Conferir valor alto",IF(AND($L6<>"",ABS($L6)>Premissas!$B$5),"Conferir variação","Sem alerta"))),"Conferir dados"))
A7: 46257 | B7: Encontro Fictício Horizonte | C7: Infraestrutura | D7: Locação fictícia de cadeiras | E7: Fornecedor Fictício Nuvem | F7: 80 | G7: 8.5 | H7: =IF(OR($D7="",$P7="Cancelado",$F7="",$G7=""),"",$F7*$G7) | I7: 9 | J7: =IF(OR($D7="",$P7="Cancelado",$F7="",$I7=""),"",$F7*$I7) | K7: =IF(OR($H7="",$J7=""),"",$J7-$H7) | L7: =IFERROR(IF(OR($H7="",$J7=""),"",$K7/$H7),"") | M7: Pessoa Fictícia 03 | N7: Ministério Fictício de Logística | O7: Não se aplica | P7: Pago | Q7: =IF($D7="","",IFERROR(IF(AND($P7="Pago",$J7=""),"Conferir valor real",IF(AND($J7<>"",$J7>Premissas!$B$4),"Conferir valor alto",IF(AND($L7<>"",ABS($L7)>Premissas!$B$5),"Conferir variação","Sem alerta"))),"Conferir dados"))
A8: 46260 | B8: Encontro Fictício Horizonte | C8: Alimentação | D8: Lanche individual fictício | E8: Fornecedor Fictício Girassol | F8: 120 | G8: 14 | H8: =IF(OR($D8="",$P8="Cancelado",$F8="",$G8=""),"",$F8*$G8) | I8: 15.5 | J8: =IF(OR($D8="",$P8="Cancelado",$F8="",$I8=""),"",$F8*$I8) | K8: =IF(OR($H8="",$J8=""),"",$J8-$H8) | L8: =IFERROR(IF(OR($H8="",$J8=""),"",$K8/$H8),"") | M8: Pessoa Fictícia 04 | N8: Ministério Fictício de Acolhimento | O8: Não se aplica | P8: Pago | Q8: =IF($D8="","",IFERROR(IF(AND($P8="Pago",$J8=""),"Conferir valor real",IF(AND($J8<>"",$J8>Premissas!$B$4),"Conferir valor alto",IF(AND($L8<>"",ABS($L8)>Premissas!$B$5),"Conferir variação","Sem alerta"))),"Conferir dados"))
A9: 46263 | B9: Encontro Fictício Horizonte | C9: Programação | D9: Material cênico fictício | E9: Fornecedor Fictício Horizonte Azul | F9: 1 | G9: 520 | H9: =IF(OR($D9="",$P9="Cancelado",$F9="",$G9=""),"",$F9*$G9) | I9: 480 | J9: =IF(OR($D9="",$P9="Cancelado",$F9="",$I9=""),"",$F9*$I9) | K9: =IF(OR($H9="",$J9=""),"",$J9-$H9) | L9: =IFERROR(IF(OR($H9="",$J9=""),"",$K9/$H9),"") | M9: Pessoa Fictícia 05 | N9: Ministério Fictício de Artes | O9: Painel fictício PT-001 | P9: Pago | Q9: =IF($D9="","",IFERROR(IF(AND($P9="Pago",$J9=""),"Conferir valor real",IF(AND($J9<>"",$J9>Premissas!$B$4),"Conferir valor alto",IF(AND($L9<>"",ABS($L9)>Premissas!$B$5),"Conferir variação","Sem alerta"))),"Conferir dados"))
A10: 46266 | B10: Encontro Fictício Horizonte | C10: Recepção | D10: Crachás fictícios para participantes | E10: Fornecedor Fictício Cedro | F10: 120 | G10: 1.5 | H10: =IF(OR($D10="",$P10="Cancelado",$F10="",$G10=""),"",$F10*$G10) | I10: 1.4 | J10: =IF(OR($D10="",$P10="Cancelado",$F10="",$I10=""),"",$F10*$I10) | K10: =IF(OR($H10="",$J10=""),"",$J10-$H10) | L10: =IFERROR(IF(OR($H10="",$J10=""),"",$K10/$H10),"") | M10: Pessoa Fictícia 02 | N10: Ministério Fictício de Acolhimento | O10: Não se aplica | P10: Pago | Q10: =IF($D10="","",IFERROR(IF(AND($P10="Pago",$J10=""),"Conferir valor real",IF(AND($J10<>"",$J10>Premissas!$B$4),"Conferir valor alto",IF(AND($L10<>"",ABS($L10)>Premissas!$B$5),"Conferir variação","Sem alerta"))),"Conferir dados"))
A11: 46268 | B11: Encontro Fictício Horizonte | C11: Encerramento | D11: Limpeza fictícia após o evento | E11: Fornecedor Fictício Brisa | F11: 1 | G11: 650 | H11: =IF(OR($D11="",$P11="Cancelado",$F11="",$G11=""),"",$F11*$G11) | I11: 700 | J11: =IF(OR($D11="",$P11="Cancelado",$F11="",$I11=""),"",$F11*$I11) | K11: =IF(OR($H11="",$J11=""),"",$J11-$H11) | L11: =IFERROR(IF(OR($H11="",$J11=""),"",$K11/$H11),"") | M11: Pessoa Fictícia 03 | N11: Ministério Fictício de Logística | O11: Não se aplica | P11: Pago | Q11: =IF($D11="","",IFERROR(IF(AND($P11="Pago",$J11=""),"Conferir valor real",IF(AND($J11<>"",$J11>Premissas!$B$4),"Conferir valor alto",IF(AND($L11<>"",ABS($L11)>Premissas!$B$5),"Conferir variação","Sem alerta"))),"Conferir dados"))
A12: 46270 | B12: Encontro Fictício Horizonte | C12: Outros | D12: Material fictício para imprevistos | E12: Fornecedor Fictício Manhã | F12: 1 | G12: 400 | H12: =IF(OR($D12="",$P12="Cancelado",$F12="",$G12=""),"",$F12*$G12) | I12: 350 | J12: =IF(OR($D12="",$P12="Cancelado",$F12="",$I12=""),"",$F12*$I12) | K12: =IF(OR($H12="",$J12=""),"",$J12-$H12) | L12: =IFERROR(IF(OR($H12="",$J12=""),"",$K12/$H12),"") | M12: Pessoa Fictícia 01 | N12: Ministério Fictício de Administração | O12: Não se aplica | P12: Pago | Q12: =IF($D12="","",IFERROR(IF(AND($P12="Pago",$J12=""),"Conferir valor real",IF(AND($J12<>"",$J12>Premissas!$B$4),"Conferir valor alto",IF(AND($L12<>"",ABS($L12)>Premissas!$B$5),"Conferir variação","Sem alerta"))),"Conferir dados"))
A13: 46272 | B13: Retiro Fictício Caminho Azul | C13: Infraestrutura | D13: Compra fictícia de extensões elétricas | E13: Fornecedor Fictício Estrela | F13: 6 | G13: 75 | H13: =IF(OR($D13="",$P13="Cancelado",$F13="",$G13=""),"",$F13*$G13) | J13: =IF(OR($D13="",$P13="Cancelado",$F13="",$I13=""),"",$F13*$I13) | K13: =IF(OR($H13="",$J13=""),"",$J13-$H13) | L13: =IFERROR(IF(OR($H13="",$J13=""),"",$K13/$H13),"") | M13: Pessoa Fictícia 04 | N13: Ministério Fictício de Logística | O13: Kit fictício PT-002 | P13: Pago | Q13: =IF($D13="","",IFERROR(IF(AND($P13="Pago",$J13=""),"Conferir valor real",IF(AND($J13<>"",$J13>Premissas!$B$4),"Conferir valor alto",IF(AND($L13<>"",ABS($L13)>Premissas!$B$5),"Conferir variação","Sem alerta"))),"Conferir dados"))
A14: 46274 | B14: Conferência Fictícia Semeadura | C14: Alimentação | D14: Água em copos fictícia | E14: Fornecedor Fictício Fonte Clara | F14: 200 | G14: 0.9 | H14: =IF(OR($D14="",$P14="Cancelado",$F14="",$G14=""),"",$F14*$G14) | J14: =IF(OR($D14="",$P14="Cancelado",$F14="",$I14=""),"",$F14*$I14) | K14: =IF(OR($H14="",$J14=""),"",$J14-$H14) | L14: =IFERROR(IF(OR($H14="",$J14=""),"",$K14/$H14),"") | M14: Pessoa Fictícia 05 | N14: Ministério Fictício de Acolhimento | O14: Não se aplica | P14: Cotado | Q14: =IF($D14="","",IFERROR(IF(AND($P14="Pago",$J14=""),"Conferir valor real",IF(AND($J14<>"",$J14>Premissas!$B$4),"Conferir valor alto",IF(AND($L14<>"",ABS($L14)>Premissas!$B$5),"Conferir variação","Sem alerta"))),"Conferir dados"))
H15: =IF(OR($D15="",$P15="Cancelado",$F15="",$G15=""),"",$F15*$G15) | J15: =IF(OR($D15="",$P15="Cancelado",$F15="",$I15=""),"",$F15*$I15) | K15: =IF(OR($H15="",$J15=""),"",$J15-$H15) | L15: =IFERROR(IF(OR($H15="",$J15=""),"",$K15/$H15),"") | Q15: =IF($D15="","",IFERROR(IF(AND($P15="Pago",$J15=""),"Conferir valor real",IF(AND($J15<>"",$J15>Premissas!$B$4),"Conferir valor alto",IF(AND($L15<>"",ABS($L15)>Premissas!$B$5),"Conferir variação","Sem alerta"))),"Conferir dados"))
H16: =IF(OR($D16="",$P16="Cancelado",$F16="",$G16=""),"",$F16*$G16) | J16: =IF(OR($D16="",$P16="Cancelado",$F16="",$I16=""),"",$F16*$I16) | K16: =IF(OR($H16="",$J16=""),"",$J16-$H16) | L16: =IFERROR(IF(OR($H16="",$J16=""),"",$K16/$H16),"") | Q16: =IF($D16="","",IFERROR(IF(AND($P16="Pago",$J16=""),"Conferir valor real",IF(AND($J16<>"",$J16>Premissas!$B$4),"Conferir valor alto",IF(AND($L16<>"",ABS($L16)>Premissas!$B$5),"Conferir variação","Sem alerta"))),"Conferir dados"))
H17: =IF(OR($D17="",$P17="Cancelado",$F17="",$G17=""),"",$F17*$G17) | J17: =IF(OR($D17="",$P17="Cancelado",$F17="",$I17=""),"",$F17*$I17) | K17: =IF(OR($H17="",$J17=""),"",$J17-$H17) | L17: =IFERROR(IF(OR($H17="",$J17=""),"",$K17/$H17),"") | Q17: =IF($D17="","",IFERROR(IF(AND($P17="Pago",$J17=""),"Conferir valor real",IF(AND($J17<>"",$J17>Premissas!$B$4),"Conferir valor alto",IF(AND($L17<>"",ABS($L17)>Premissas!$B$5),"Conferir variação","Sem alerta"))),"Conferir dados"))
H18: =IF(OR($D18="",$P18="Cancelado",$F18="",$G18=""),"",$F18*$G18) | J18: =IF(OR($D18="",$P18="Cancelado",$F18="",$I18=""),"",$F18*$I18) | K18: =IF(OR($H18="",$J18=""),"",$J18-$H18) | L18: =IFERROR(IF(OR($H18="",$J18=""),"",$K18/$H18),"") | Q18: =IF($D18="","",IFERROR(IF(AND($P18="Pago",$J18=""),"Conferir valor real",IF(AND($J18<>"",$J18>Premissas!$B$4),"Conferir valor alto",IF(AND($L18<>"",ABS($L18)>Premissas!$B$5),"Conferir variação","Sem alerta"))),"Conferir dados"))
H19: =IF(OR($D19="",$P19="Cancelado",$F19="",$G19=""),"",$F19*$G19) | J19: =IF(OR($D19="",$P19="Cancelado",$F19="",$I19=""),"",$F19*$I19) | K19: =IF(OR($H19="",$J19=""),"",$J19-$H19) | L19: =IFERROR(IF(OR($H19="",$J19=""),"",$K19/$H19),"") | Q19: =IF($D19="","",IFERROR(IF(AND($P19="Pago",$J19=""),"Conferir valor real",IF(AND($J19<>"",$J19>Premissas!$B$4),"Conferir valor alto",IF(AND($L19<>"",ABS($L19)>Premissas!$B$5),"Conferir variação","Sem alerta"))),"Conferir dados"))
H20: =IF(OR($D20="",$P20="Cancelado",$F20="",$G20=""),"",$F20*$G20) | J20: =IF(OR($D20="",$P20="Cancelado",$F20="",$I20=""),"",$F20*$I20) | K20: =IF(OR($H20="",$J20=""),"",$J20-$H20) | L20: =IFERROR(IF(OR($H20="",$J20=""),"",$K20/$H20),"") | Q20: =IF($D20="","",IFERROR(IF(AND($P20="Pago",$J20=""),"Conferir valor real",IF(AND($J20<>"",$J20>Premissas!$B$4),"Conferir valor alto",IF(AND($L20<>"",ABS($L20)>Premissas!$B$5),"Conferir variação","Sem alerta"))),"Conferir dados"))
H21: =IF(OR($D21="",$P21="Cancelado",$F21="",$G21=""),"",$F21*$G21) | J21: =IF(OR($D21="",$P21="Cancelado",$F21="",$I21=""),"",$F21*$I21) | K21: =IF(OR($H21="",$J21=""),"",$J21-$H21) | L21: =IFERROR(IF(OR($H21="",$J21=""),"",$K21/$H21),"") | Q21: =IF($D21="","",IFERROR(IF(AND($P21="Pago",$J21=""),"Conferir valor real",IF(AND($J21<>"",$J21>Premissas!$B$4),"Conferir valor alto",IF(AND($L21<>"",ABS($L21)>Premissas!$B$5),"Conferir variação","Sem alerta"))),"Conferir dados"))
H22: =IF(OR($D22="",$P22="Cancelado",$F22="",$G22=""),"",$F22*$G22) | J22: =IF(OR($D22="",$P22="Cancelado",$F22="",$I22=""),"",$F22*$I22) | K22: =IF(OR($H22="",$J22=""),"",$J22-$H22) | L22: =IFERROR(IF(OR($H22="",$J22=""),"",$K22/$H22),"") | Q22: =IF($D22="","",IFERROR(IF(AND($P22="Pago",$J22=""),"Conferir valor real",IF(AND($J22<>"",$J22>Premissas!$B$4),"Conferir valor alto",IF(AND($L22<>"",ABS($L22)>Premissas!$B$5),"Conferir variação","Sem alerta"))),"Conferir dados"))
H23: =IF(OR($D23="",$P23="Cancelado",$F23="",$G23=""),"",$F23*$G23) | J23: =IF(OR($D23="",$P23="Cancelado",$F23="",$I23=""),"",$F23*$I23) | K23: =IF(OR($H23="",$J23=""),"",$J23-$H23) | L23: =IFERROR(IF(OR($H23="",$J23=""),"",$K23/$H23),"") | Q23: =IF($D23="","",IFERROR(IF(AND($P23="Pago",$J23=""),"Conferir valor real",IF(AND($J23<>"",$J23>Premissas!$B$4),"Conferir valor alto",IF(AND($L23<>"",ABS($L23)>Premissas!$B$5),"Conferir variação","Sem alerta"))),"Conferir dados"))
H24: =IF(OR($D24="",$P24="Cancelado",$F24="",$G24=""),"",$F24*$G24) | J24: =IF(OR($D24="",$P24="Cancelado",$F24="",$I24=""),"",$F24*$I24) | K24: =IF(OR($H24="",$J24=""),"",$J24-$H24) | L24: =IFERROR(IF(OR($H24="",$J24=""),"",$K24/$H24),"") | Q24: =IF($D24="","",IFERROR(IF(AND($P24="Pago",$J24=""),"Conferir valor real",IF(AND($J24<>"",$J24>Premissas!$B$4),"Conferir valor alto",IF(AND($L24<>"",ABS($L24)>Premissas!$B$5),"Conferir variação","Sem alerta"))),"Conferir dados"))
H25: =IF(OR($D25="",$P25="Cancelado",$F25="",$G25=""),"",$F25*$G25) | J25: =IF(OR($D25="",$P25="Cancelado",$F25="",$I25=""),"",$F25*$I25) | K25: =IF(OR($H25="",$J25=""),"",$J25-$H25) | L25: =IFERROR(IF(OR($H25="",$J25=""),"",$K25/$H25),"") | Q25: =IF($D25="","",IFERROR(IF(AND($P25="Pago",$J25=""),"Conferir valor real",IF(AND($J25<>"",$J25>Premissas!$B$4),"Conferir valor alto",IF(AND($L25<>"",ABS($L25)>Premissas!$B$5),"Conferir variação","Sem alerta"))),"Conferir dados"))
H26: =IF(OR($D26="",$P26="Cancelado",$F26="",$G26=""),"",$F26*$G26) | J26: =IF(OR($D26="",$P26="Cancelado",$F26="",$I26=""),"",$F26*$I26) | K26: =IF(OR($H26="",$J26=""),"",$J26-$H26) | L26: =IFERROR(IF(OR($H26="",$J26=""),"",$K26/$H26),"") | Q26: =IF($D26="","",IFERROR(IF(AND($P26="Pago",$J26=""),"Conferir valor real",IF(AND($J26<>"",$J26>Premissas!$B$4),"Conferir valor alto",IF(AND($L26<>"",ABS($L26)>Premissas!$B$5),"Conferir variação","Sem alerta"))),"Conferir dados"))
... H104: =IF(OR($D104="",$P104="Cancelado",$F104="",$G104=""),"",$F104*$G104) | J104: =IF(OR($D104="",$P104="Cancelado",$F104="",$I104=""),"",$F104*$I104) | K104: =IF(OR($H104="",$J104=""),"",$J104-$H104) | L104: =IFERROR(IF(OR($H104="",$J104=""),"",$K104/$H104),"") | Q104: =IF($D104="","",IFERROR(IF(AND($P104="Pago",$J104=""),"Conferir valor real",IF(AND($J104<>"",$J104>Premissas!$B$4),"Conferir valor alto",IF(AND($L104<>"",ABS($L104)>Premissas!$B$5),"Conferir variação","Sem alerta"))),"Conferir dados"))

Sheet Premissas
A1: Premissas editáveis para despesas de eventos
A2: Ajuste limites e listas antes de lançar os registros, quando necessário.
A3: Parâmetro | B3: Valor | C3: Uso administrativo | E3: Etapas permitidas | F3: Status permitidos
A4: Limite de alerta por item | B4: 1500 | C4: Aciona pedido de conferência humana. | E4: Planejamento | F4: Previsto
A5: Limite de variação percentual | B5: 0.1 | C5: Compara o total real com o previsto. | E5: Comunicação | F5: Cotado
A6: Data mínima permitida | B6: 45911 | C6: Limite inferior para lançamentos. | E6: Infraestrutura | F6: Aprovado
A7: Data máxima permitida | B7: 47006 | C7: Limite superior para lançamentos. | E7: Alimentação | F7: Pago
A8: Quantidade máxima por item | B8: 10000 | C8: Evita quantidades digitadas por engano. | E8: Programação | F8: Cancelado
A9: Valor unitário máximo | B9: 50000 | C9: Evita valores unitários digitados por engano. | E9: Recepção
E10: Encerramento
E11: Outros
